 Dungeon Crawl Stone Soup version 0.19-a0-330-g034cfd4 (webtiles) character file.

39 nubinia the Ruffian (level 3, 24/24 HPs)
             Began as a Gargoyle Monk on May 28, 2016.
             Quit the game on level 1 of the Dungeon.
             The game lasted 00:04:54 (1159 turns).

nubinia the Ruffian (Gargoyle Monk)                 Turns: 1159, Time: 00:04:55

Health: 24/24      AC:  5    Str: 15    XL:     3   Next: 47%
Magic:  3/3        EV: 10    Int: 10    God:
Gold:   106        SH:  7    Dex: 12    Spells: 0 memorised, 2 levels left

rFire  . . .     SeeInvis .     k - +0 whip
rCold  . . .     Gourm    .     a - +0 robe
rNeg   + . .     Faith    .     g - +0 shield
rPois  ∞         Spirit   .     (no helmet)
rElec  +         Dismiss  .     (no cloak)
rCorr  .         Reflect  .     (no gloves)
SustAt .         Harm     .     (no boots)
MR     .....                    (no amulet)
Stlth  ++........               (no ring)
                                (no ring)

@: not resistant to hostile enchantments, unstealthy
A: big wings, deterioration 1, negative energy resistance 1, screaming 1,
electricity resistance, unbreathing, petrification resistance, rot immunity, AC
+3
a: Fly


You were on level 1 of the Dungeon.
You were not hungry.

You visited 1 branch of the dungeon, and saw 1 of its levels.

You collected 106 gold pieces.

Inventory:

Hand Weapons
 c - a +0 club
 k - a +0 whip (weapon)
Armour
 a - a +0 robe (worn)
 g - a +0 shield (worn)
Scrolls
 d - a scroll of fear {unknown}
 f - a scroll of identify
 i - a scroll of enchant weapon {unknown}
Potions
 e - a potion of heal wounds
 j - a potion of curing
Comestibles
 b - 2 bread rations
 l - a meat ration


   Skills:
 + Level 3.8 Fighting
 + Level 0.2 Maces & Flails
 + Level 3.1 Dodging
 + Level 2.4 Stealth
 - Level 4.0 Unarmed Combat


You had 2 spell levels left.
You didn't know any spells.

Dungeon Overview and Level Annotations

Branches:
Dungeon (1/15)

Altars:


Innate Abilities, Weirdness & Mutations

You are resistant to torment.
Your stone body is resilient (AC +3).
You are immune to poison.
You resist negative energy. (rN+)
You are resistant to electric shocks. (rElec)
You can survive without breathing.
You are immune to petrification.
You are immune to rotting.
Your large and strong wings let you fly indefinitely.
Your body sometimes deteriorates upon taking damage.
You occasionally shout uncontrollably at your foes.


Message History

Found 3 gold pieces.
The helpless goblin fails to defend itself.
You hit the goblin.
You kill the goblin!
You now have 106 gold pieces (gained 3).
You see here a dagger.
f - 2 scrolls of identify (gained 1) As you open the door, it creaks loudly!
There is an open door here.
There is an open door here.
Done exploring.
Read which item? (? for menu, Esc to quit)
Identify which item? (\ to view known items) (? for menu, Esc to quit)
As you read the scroll of identify, it crumbles to dust.
h - a potion of mutation Drink which item? (? for menu, Esc to quit)
You feel extremely strange.
You feel yourself wasting away.
You feel the urge to shout.
Your wings grow larger and stronger.
Are you sure you want to abandon this character and quit the game? (Confirm with "yes".)

#.#.........#.# #.#
..#.#.#######.# #.#
..#.#...#.....# #.#
..#.###.#.#########.#
..#.# #.#.# #.......#
..#.# #.#.# #.#######
..#.# #.#.# #.# ..#.#
#.#.###.#####
..#.###'#.#.....@.#
..#.........#.###.#
..#.........#...#.#
..#.........###.#.#
..#.###'#'#.....#.#
........#.#######.#
.....####.........#
.....#################
.....................#


There were no monsters in sight!

Vanquished Creatures
  A gnoll (D:1)
  2 dart slugs (D:1)
  3 bats (D:1)
  A giant cockroach (D:1)
  3 goblins (D:1)
  5 hobgoblins (D:1)
  2 jackals (D:1)
  2 kobolds (D:1)
  A giant newt (D:1)
  5 rats (D:1)
25 creatures vanquished.

Notes
Turn   | Place    | Note
--------------------------------------------------------------
     0 | D:1      | nubinia the Gargoyle Monk began the quest for the Orb.
     0 | D:1      | Reached XP level 1. HP: 14/14 MP: 1/1
   222 | D:1      | Reached XP level 2. HP: 19/19 MP: 2/2
   679 | D:1      | Reached XP level 3. HP: 24/24 MP: 3/3
  1158 | D:1      | Gained mutation: Your body sometimes deteriorates upon taking damage. [potion of mutation]
  1158 | D:1      | Gained mutation: You occasionally shout uncontrollably at your foes. [potion of mutation]
  1158 | D:1      | Gained mutation: Your large and strong wings let you fly indefinitely. [potion of mutation]
  1159 | D:1      | Quit the game

Vault maps used:
D:1:      scummos_arrival_checkerplants

Skill      XL: |  1  2 |
---------------+-------+-----
Dodging        | 3 |  3.1
Fighting       | |  3.8
Maces & Flails | |  0.2
Stealth        | |  2.4
Unarmed Combat | |  4.0

Action                   || total
-------------------------++-------
Melee: Club              ||    87
       Punch             ||     2
       Whip              ||    28
  Use: Potion            ||     2
       Scroll            ||     2
 Stab: Distracted        ||     1
       Sleeping          ||     1
  Eat: Chunk             ||     1
Armor: Robe              ||    27
Dodge: Dodged            ||    63
Block: Shield            ||    14
